 Dungeon Crawl Stone Soup version 0.25.1-2-g60ff931df9 (webtiles) character file.

Game seed: 10119848646787351064

141 Impeuri the Chiller (level 5, -2/38 HPs)
             Began as a Draconian Ice Elementalist on Aug 22, 2020.
             Killed by divine providence
             ... invoked by an orc priest
              (10 damage)
             ... on level 3 of the Dungeon.
             The game lasted 00:06:24 (2589 turns).

Impeuri the Chiller (Draconian Ice Elementalist)    Turns: 2589, Time: 00:06:24

Health: -2/38      AC:  7    Str: 11    XL:     5   Next: 3%
Magic:  6/9        EV: 12    Int: 16    God:
Gold:   110        SH:  0    Dex: 11    Spells: 3/10 levels left

rFire    . . .     SeeInvis .   d - +0 dagger
rCold    . . .     Gourm    .   (no shield)
rNeg     . . .     Faith    .   (armour unavailable)
rPois    .         Spirit   .   (helmet restricted)
rElec    .         Reflect  .   (no cloak)
rCorr    .         Harm     .   e - +0 pair of gloves
MR       .....                  i - +0 pair of boots
Stlth    ++........             (no amulet)
HPRegen  0.12/turn              (no ring)
MPRegen  0.11/turn              (no ring)

@: no status effects
A: unfitting armour, cold-blooded, AC +5
a: no special abilities


You were on level 3 of the Dungeon.
You were hungry.

You visited 1 branch of the dungeon, and saw 3 of its levels.

You collected 110 gold pieces.

Inventory:

Hand Weapons
 d - a +0 dagger (weapon)
Armour
 e - a +0 pair of gloves (worn)
 i - a +0 pair of boots (worn)
Scrolls
 a - 7 scrolls of identify {unknown}
 l - a scroll of teleportation {unknown}
Potions
 c - a potion of berserk rage {unknown}
 f - 2 potions of magic {unknown}
 g - 2 potions of haste {unknown}
 j - a potion of might {unknown}
 k - 2 potions of flight {unknown}
Comestibles
 b - 5 rations
 h - 2 chunks of flesh


   Skills:
 - Level 1.7 Dodging
 - Level 1.7 Stealth
 + Level 3.1 Spellcasting
 + Level 0.8 Charms
 * Level 5.6 Ice Magic


You had 3 spell levels left.
You knew the following spells:

 Your Spells              Type           Power        Failure   Level  Hunger
a - Freeze                Ice            ###.         1%          1    None
b - Frozen Ramparts       Ice            ###...       5%          3    ###....
c - Ozocubu's Armour      Chrm/Ice       ##......     14%         3    ###....

Your spell library contained the following spells:

 Spells                   Type           Power        Failure   Level  Hunger
 Hailstorm                Conj/Ice       ##......     52%         4    ####...
 Summon Ice Beast         Ice/Summ       ##......     52%         4    ####...


Dungeon Overview and Level Annotations

Branches:
Dungeon (3/15)

Altars:


Innate Abilities, Weirdness & Mutations

Your plain brown scales are hard. (AC +5)
You cannot fit into any form of body armour.
You are cold-blooded and may be slowed by cold attacks.


Message History

You kill the orc!
The wall freezes the orc priest.
The wall freezes the orc priest.
The orc priest invokes the aid of Beogh against you.
Beogh smites you!
The wall freezes the orc priest.
The orc priest invokes the aid of Beogh against you.
Beogh smites you!
You hear a shout!
The wall freezes the orc priest.
The orc priest invokes the aid of Beogh against you.
Pain shoots through your body!
* * * LOW HITPOINT WARNING * * *
The frozen ramparts melt away.
The orc priest misses you.
You hit the orc priest.
The orc priest is almost dead.
The orc priest invokes the aid of Beogh against you.
Beogh smites you!
You die...

o...## oo...##
.o..... .......
####### .....#
#.....#####)..#.#.
###.o...).......
#.$@####......#
#.#.# #.####.#
#.....# #.#
###.### #.# #. #<#
. #......# .#
#.....## #.
#.....# . #.....#


You could see an orc priest.

Vanquished Creatures
  A worker ant (D:2)
  5 adders (D:2)
  2 oozes
  A worm (D:2)
  5 leopard geckos
  2 orcs (D:3)
  6 giant cockroaches
  6 goblins
  3 hobgoblins
  4 jackals (D:2)
  A ball python (D:1)
  3 bats (D:1)
  4 frilled lizards
  6 kobolds
  9 rats
58 creatures vanquished.

Notes
Turn   | Place    | Note
-------+----------+-------------------------------------------
     0 | D:1      | Impeuri the Draconian Ice Elementalist began the quest for
                  | the Orb.
     0 | D:1      | Reached XP level 1. HP: 14/14 MP: 3/3
   158 | D:1      | Reached XP level 2. HP: 3/20 MP: 0/5
   977 | D:1      | Reached XP level 3. HP: 18/26 MP: 4/6
  1082 | D:1      | Learned a level 3 spell: Frozen Ramparts
  1691 | D:2      | Reached skill level 5 in Ice Magic
  1723 | D:2      | Reached XP level 4. HP: 33/33 MP: 3/8
  1990 | D:2      | Learned a level 3 spell: Ozocubu's Armour
  2578 | D:3      | Reached XP level 5. HP: 36/38 MP: 5/9
  2589 | D:3      | Killed from afar by an orc priest

Illustrated notes

Levels and vault maps discovered:
D:1:      minmay_arrival_open_corners, layout_basic, serial_bayou_pond_d
D:2:      kennysheep_big_flooded_room, layout_loops_ring,
          minmay_tree_intersection
D:3:      layout_loops_cross, zin_angel, chequers_ecumenical_altar_grove,
          uniq_terence, uniq_grinder

Skill      XL: |  1  2  3  4 |
---------------+-------------+-----
Ice Magic      | 5 |  5.6
Spellcasting   | 3 |  3.1
Dodging        | |  1.7
Stealth        | |  1.7
Charms         | |  0.8

Action                   |  1- 3 |  4- 6 || total
-------------------------+-------+-------++-------
Melee: Unarmed           |    20 |       ||    20
       Dagger            |    86 |    53 ||   139
       Tailslap          |    15 |     2 ||    17
 Cast: Freeze            |    13 |     2 ||    15
       Frozen Ramparts   |     3 |     7 ||    10
 Stab: Sleeping          |     3 |     1 ||     4
  Eat: Chunk             |     3 |     3 ||     6
Armor: Skin              |    35 |    18 ||    53
Dodge: Dodged            |    80 |    38 ||   118
